Map: Oxide LE

Players

HeroMarine

  • Race: Terran Terran

llllllllllll (Oliveira) - Winner!

  • Race: Terran Terran

Event: TSL 7

VOD

Have the link to the VOD?

Description

Time

  • Played on: June 12, 2021, 1:21 p.m.
  • Length: 8:54

All games in this series

Show
View Real Time Build Order
Export as new Build Order

HeroMarine Terran 

Build Orders: Cyclone Opening 

Get SALT Encoding   

  12  0:00  SCV  
  13  0:12  SCV  
  14  0:17  Supply Depot  
  14  0:24  SCV  
  15  0:38  SCV  
  15  0:39  Barracks  
  16  0:43  Refinery  
  16  0:50  SCV  
  16  0:53  Refinery  
  17  1:03  SCV  
  18  1:15  SCV  
  19  1:27  Reaper, Orbital Command  
  19  1:29  Supply Depot  
  20  1:40  Factory  
  20  1:52  SCV  
  21  1:59  Reaper  
  22  2:05  SCV  
  23  2:17  SCV  
  23  2:20  Command Center  
  24  2:24  Factory Tech Lab  
  24  2:29  SCV  
  25  2:31  Barracks Reactor  
  25  2:36  Supply Depot  
  25  2:41  SCV  
  26  2:44  Cyclone  
  29  2:53  SCV  
  29  2:57  Starport  
  30  3:05  SCV  
  30  3:08  Marine  
  30  3:10  Marine  
  31  3:18  Refinery, Cyclone  
  34  3:22  SCV  
  34  3:26  Marine  
  36  3:28  Marine  
  38  3:34  SCV, Medivac  
  40  3:42  Orbital Command  
  40  3:46  Marine  
  42  3:49  Marine  
  42  3:53  Siege Tank  
  45  3:56  SCV  
  46  4:04  Starport Tech Lab  
  46  4:06  Supply Depot  
  46  4:08  Marine x2  
  48  4:10  SCV  
  48  4:11  SCV  
  50  4:23  Raven  
  52  4:24  SCV x2  
  52  4:27  Marine x2  
  55  4:37  SCV  
  55  4:38  SCV  
  52  4:50  Siege Tank  
  52  4:58  SCV x2  
  42  5:02  Marine x2  
  36  5:10  SCV  
  37  5:17  SCV  
  37  5:20  Marine  
  35  5:22  SCV  
  36  5:29  SCV  
  36  5:32  Marine  
  36  5:34  SCV  
  39  5:37  Marine  
  39  5:41  Refinery, SCV  
  41  5:46  SCV  
  41  5:47  Refinery  
  42  5:50  Marine  
  42  5:52  Factory Tech Lab  
  42  5:53  SCV  
  44  5:58  SCV  
  44  5:59  Marine  
  46  6:05  SCV  
  46  6:08  Marine  
  46  6:10  SCV  
  49  6:17  SCV  
  47  6:22  Marine, Siege Tank  
  47  6:23  SCV  
  47  6:26  Marine  
  47  6:29  SCV  
  43  6:35  SCV  
  44  6:40  Marine  
  44  6:41  SCV  
  44  6:46  Raven  
  48  6:47  SCV  
  48  6:48  Marine  
  48  6:53  SCV  
  50  6:59  SCV  
  49  7:02  Marine  
  49  7:05  SCV  
  49  7:06  Marine  
  52  7:10  Siege Tank  
  52  7:11  SCV  
  56  7:18  SCV  
  57  7:34  Supply Depot  
  57  7:35  Supply Depot  
  56  7:41  Viking  
  56  7:42  Viking  
  60  7:46  Supply Depot  
  60  7:48  SCV x2  
  62  7:55  Marine, Siege Tank  
  66  8:00  SCV x2  
  68  8:08  Supply Depot  
  68  8:10  Viking  
  68  8:12  SCV x2, Viking  
  74  8:13  Marine  
  75  8:24  SCV x2  
  77  8:31  Marine  
  78  8:36  SCV x2  
Show
View Real Time Build Order
Export as new Build Order

llllllllllll Terran - Winner!

Build Orders:  

Get SALT Encoding   

  12  0:00  SCV  
  13  0:12  SCV  
  14  0:17  Supply Depot  
  14  0:25  SCV  
  15  0:39  SCV  
  15  0:41  Barracks  
  16  0:44  Refinery  
  16  0:51  SCV  
  16  0:54  Refinery  
  17  1:03  SCV  
  18  1:15  SCV  
  19  1:28  Reaper, Orbital Command  
  19  1:30  Supply Depot  
  20  1:43  Factory  
  20  1:55  SCV  
  20  2:00  Reaper  
  22  2:07  SCV  
  23  2:17  Command Center  
  23  2:19  SCV  
  24  2:27  Hellion  
  26  2:31  SCV  
  26  2:34  Barracks Reactor  
  27  2:40  Starport  
  27  2:43  SCV  
  28  2:48  Supply Depot  
  28  2:50  Factory Tech Lab  
  28  2:56  SCV  
  27  3:10  Siege Tank  
  31  3:12  SCV  
  31  3:13  Marine  
  31  3:15  Marine  
  33  3:23  Medivac  
  33  3:25  SCV  
  36  3:32  Orbital Command  
  36  3:35  Marine  
  36  3:36  Marine  
  36  3:40  SCV  
  39  3:47  Siege Tank  
  42  3:52  Refinery  
  42  3:53  Marine  
  43  3:55  Starport Tech Lab  
  43  3:58  SCV  
  43  4:00  SCV  
  45  4:05  Marine  
  45  4:08  Supply Depot  
  46  4:11  SCV  
  46  4:13  SCV  
  48  4:19  Marine  
  48  4:23  Marine  
  48  4:24  Raven  
  52  4:37  Marine  
  51  4:40  Marine  
  43  4:46  Siege Tank  
  46  4:55  Marine  
  46  4:58  SCV, Marine  
  46  5:01  SCV  
  46  5:10  SCV  
  46  5:13  Marine  
  44  5:16  Marine  
  44  5:18  Raven  
  44  5:19  SCV  
  45  5:22  SCV  
  46  5:30  Marine  
  46  5:31  SCV  
  46  5:33  Command Center  
  46  5:34  SCV  
  49  5:37  Marine  
  49  5:42  Siege Tank  
  53  5:47  SCV x2  
  55  5:59  SCV  
  55  6:01  SCV  
  55  6:02  Refinery  
  57  6:11  SCV  
  58  6:13  Viking x2  
  62  6:21  SCV  
  62  6:23  Marine, Stimpack  
  55  6:32  SCV  
  50  6:33  SCV  
  50  6:34  Siege Tank  
  54  6:41  Marine  
  54  6:45  Viking x2  
  59  6:48  SCV  
  59  6:53  Orbital Command  
  61  6:54  SCV  
  61  7:00  SCV, Marine  
  63  7:06  SCV, Siege Tank  
  66  7:18  SCV  
  66  7:19  Viking  
  66  7:20  Viking  
  66  7:21  SCV  
  72  7:25  Marine  
  72  7:26  SCV  
  74  7:30  SCV  
  74  7:33  SCV  
  74  7:35  Orbital Command  
  76  7:42  Supply Depot  
  76  7:44  Barracks, Supply Depot  
  76  7:45  Barracks  
  76  7:47  SCV  
  77  8:00  Engineering Bay  
  77  8:02  Engineering Bay  
  77  8:03  Marine  
  77  8:04  SCV x3, Siege Tank  
  84  8:12  Viking x2  
  85  8:16  SCV  
  85  8:17  SCV  
  85  8:18  SCV  
  90  8:23  Marine  
  91  8:28  SCV  
  91  8:29  SCV  
  91  8:34  Missile Turret  
Tags
 
Add a new tag
Caveats
  • Supply blocks, unpowered buildings, or Contaminate may cause inaccurate times.
  • Supply counts are checked every 10 seconds.